 Dungeon Crawl Stone Soup version 0.30-a0-140-gd1020e658a (webtiles) character file.

Game seed: 13012693441611125861

74 Bnni the Trooper (level 4, -3/37 HPs)
             Began as a Demonspawn Fighter on Sept 24, 2022.
             Slain by a gnoll
             ... wielding a +0 spear
              (6 damage)
             ... on level 3 of the Dungeon.
             The game lasted 00:04:23 (1597 turns).

Bnni the Trooper (Demonspawn Fighter)               Turns: 1597, Time: 00:04:23

Health: -3/37      AC:  6    Str: 18    XL:     4   Next: 9%
Magic:  4/4        EV:  9    Int: 10    God:
Gold:   80         SH:  4    Dex: 12    Spells: 3/3 levels left

rFire   . . .      SeeInvis .    a - +0 trident
rCold   . . .      Faith    .    c - +0 buckler
rNeg    . . .      Spirit   .    b - +0 scale mail
rPois   .          Reflect  .    (helmet restricted)
rElec   .          Harm     .    (no cloak)
rCorr   .          Rampage  .    (no gloves)
Will    .....                    (no boots)
Stlth   ..........               (no amulet)
HPRegen 0.12/turn                (no ring)
MPRegen 0.09/turn                (no ring)

@: no status effects
A: antennae 1, demonic magic 1
a: no special abilities


You were on level 3 of the Dungeon.
You visited 1 branch of the dungeon, and saw 3 of its levels.

You collected 80 gold pieces.

Inventory:

Hand Weapons
 a - a +0 trident (weapon)
 m - a +0 glaive
Missiles
 o - 2 poisoned darts (quivered)
Armour
 b - a +0 scale mail (worn)
 c - a +0 buckler (worn)
Scrolls
 e - 4 scrolls of identify {unknown}
 g - 2 scrolls of teleportation {unknown}
 i - a scroll of noise {unknown}
 j - a scroll of fear {unknown}
 l - 2 scrolls of vulnerability {unknown}
 n - a scroll of poison {unknown}
Potions
 d - a potion of might
 f - 2 potions of cancellation {unknown}
 h - a potion of curing {unknown}
 k - a potion of haste {unknown}
 p - 2 potions of flight {unknown}
 q - a potion of heal wounds {unknown}


   Skills:
 + Level 4.1 Fighting
 * Level 3.1 Polearms
 - Level 2.6 Armour
 - Level 2.6 Shields


You had 3 spell levels left.
You didn't know any spells.
Your spell library contained the following spells:

 Spells                   Type           Power      Damage    Failure   Level
 Sting                    Tmut/Pois      0%         1d3       85%         1
 Poisonous Vapours        Pois/Air       0%         N/A       94%         2
 Olgreb's Toxic Radiance  Pois           0%         N/A       100%        4


Dungeon Overview and Level Annotations

Branches:
Dungeon (3/15)

Altars:
Dithmenos


Innate Abilities, Weirdness & Mutations

You have a pair of small antennae on your head.
Spells you cast may paralyse adjacent enemies.


Message History

The gnoll shouts! x2
You barely miss the gnoll. The gnoll barely misses you.
You puncture the gnoll!
The gnoll is severely wounded.
You block the gnoll's attack.
The gnoll hits you with a +0 vorpal flail!
You barely miss the gnoll.
The gnoll is severely wounded.
The gnoll barely misses you.
The gnoll hits you with a +0 vorpal flail.
The gnoll attacks as you move away!
The gnoll hits you with a +0 vorpal flail!
* * * LOW HITPOINT WARNING * * *
Throw: 3 darts (poison)
Press: ? - help, Shift-Dir - straight line, f - gnoll
Aim: a gnoll, wielding a +0 club (63% to hit)
You throw a poisoned dart.
The poisoned dart completely misses the gnoll.
The poisoned dart barely misses the gnoll.
You are too injured to fight recklessly!
You are too injured to fight recklessly!
You are too injured to fight recklessly!
Reach: a) +0 trident
Press: ? - help, Dir - move target, f/p - gnoll
Aim: a gnoll, wielding a +0 club (about 37% to evade your +0 trident)
You reach to attack!
You hit the gnoll.
The gnoll is moderately wounded.
The gnoll hits you with a +0 club.
* * * LOW HITPOINT WARNING * * *
The gnoll closely misses you.
You see here 5 stones.
The gnoll attacks as you move away! The gnoll hits you but does no damage.
The gnoll attacks as you move away! The gnoll hits you but does no damage.
The gnoll attacks as you move away! The gnoll hits you with a +0 club!
* * * LOW HITPOINT WARNING * * *
The gnoll attacks as you move away! The gnoll hits you but does no damage.
There is a stone staircase leading up here.
The gnoll misses you.
The gnoll hits you from afar with a +0 spear.
You die...

#(...g.(.....#........
#..#####...#...###.###
#..#####.####.## .#
#..........)...# .#
...#.......###### .#
....#.####g..########)#
#....#....g.#..........#
#.## ####g.###.#########
.. #...@..#..#
#.####...## # ##.## #.#
#.# #.#### #....# ####.#
##.#######


You could see 3 gnolls.

Vanquished Creatures
  2 adders (D:2)
  A worm (D:2)
  A dart slug (D:1)
  An orc (D:2)
  5 endoplasms
  6 giant cockroaches
  2 goblins
  4 hobgoblins
  4 kobolds
  3 quokkas (D:1)
  8 ball pythons
  4 bats
  A frilled lizard (D:2)
  4 rats
46 creatures vanquished.

Notes
Turn   | Place    | Note
-------+----------+-------------------------------------------
     0 | D:1      | Bnni the Demonspawn Fighter began the quest for the Orb.
     0 | D:1      | Reached XP level 1. HP: 18/18 MP: 1/1
    29 | D:1      | Gained mutation: Spells you cast may paralyse adjacent
                  | enemies. [demonic ancestry]
    29 | D:1      | Reached XP level 2. HP: 23/24 MP: 2/2
   511 | D:1      | Gained mutation: You have a pair of small antennae on your
                  | head. [demonic ancestry]
   511 | D:1      | Reached XP level 3. HP: 15/30 MP: 3/3
   704 | D:2      | Found a faded altar of an unknown god.
  1196 | D:2      | Found a shadowy altar of Dithmenos.
  1199 | D:2      | Reached skill level 4 in Fighting
  1357 | D:2      | Reached XP level 4. HP: 37/37 MP: 4/4
  1597 | D:3      | Slain by a gnoll

Illustrated notes

Levels and vault maps discovered:
D:1:      spicycebolla_green_bress_n_ham, layout_rooms, minmay_pentomino_u4
D:2:      layout_basic, basic_altar, hellmonk_ecumenical_altar_arch_garden,
          kennysheep_generic_room_15
D:3:      layout_loops_ring

Skill      XL: |  1  2  3 |
---------------+----------+-----
Polearms       | 2 3 |  3.1
Fighting       | 4 |  4.1
Armour         | |  2.6
Shields        | |  2.6

Action                   |  1- 3 |  4- 6 || total
-------------------------+-------+-------++-------
Melee: Trident           |   140 |    13 ||   153
       Short sword       |     5 |       ||     5
Throw: Dart              |       |     1 ||     1
Armor: Scale mail        |    57 |     5 ||    62
Dodge: Dodged            |    82 |     5 ||    87
Block: Buckler           |    38 |     3 ||    41

Table legend: (Time is in decaauts)
 A = Elapsed time spent in this place.
 B = Non-inter-level travel time spent in this place.
 C = Inter-level travel time spent in this place.
 D = Time resting spent in this place.
 E = Time spent auto-exploring this place.
 F = Levels seen in this place.
 G = Mean time per level.
                   A        B        C        D        E       F      G
               +--------+--------+--------+--------+--------+-----+--------+
         Total |   1629 |   1556 |     73 |      0 |   1173 |   3 |  543.0 |
       Dungeon |   1629 |   1556 |     73 |      0 |   1173 |   3 |  543.0 |
               +--------+--------+--------+--------+--------+-----+--------+

Top non-repeatable levels by time:
     D:2: 737 daAuts
     D:1: 718 daAuts
     D:3: 172 daAuts
